AoeStats
← INK | Lactato

Arena

510002305Analyzed
4v4 RM · 4d ago on Sep 29, 2026· 22m 13s· 8 players
Game mode
Random Map
Map size
Large (8 player)
Population
200
Speed
Normal
Resources
Standard
Victory
Conquest
Starting age
Dark Age
Ending age
Imperial Age
RankedLock teamsTeams togetherTeam positionsShared explorationLock speedFull tech treeHidden civsTurbo modeCheats
Victory
Defeat
🇧🇷 Bohemians · Brazil
1279
+15
🇧🇷 Cumans · Brazil
1269
+15
🇧🇷 Magyars · Brazil
1247
+16
🇧🇷 Shu · Brazil
1195
+19
🇦🇷 Saxons · Argentina
1390
-21
🇨🇴 Berbers · Colombia
1225
-15
🇨🇴 Persians · Colombia
1211
-15
🇦🇷 Khmer · Argentina
1195
-14
Gmatos
10:47 Feudal Age
12:05 Loom
14:45 Castle Age
12:48 Double-Bit Axe
17:04 Bow Saw
18:29 Gold Mining
18:22 Horse Collar
22:07 Wheelbarrow
Napoleonidass
10:28 Feudal Age
14:24 Castle Age
12:17 Double-Bit Axe
12:15 Horse Collar
16:23 Fervor
25:21 Imperial Age
Pikachu Pay
9:27 Feudal Age
10:17 Double-Bit Axe
13:16 Fletching
14:46 Padded Archer Armor
18:54 Loom
23:54 Castle Age
Mayckon8020
6:24 Loom
8:56 Feudal Age
18:22 Double-Bit Axe
22:43 Castle Age
INK | Lactato
10:08 Feudal Age
11:30 Double-Bit Axe
13:59 Castle Age
13:15 Double-Bit Axe
13:13 Horse Collar
14:52 Bow Saw
14:43 Heavy Plow
16:23 Gold Mining
16:40 Stone Mining
20:50 Scale Mail Armor
22:04 Forging
INK | Goku
10:02 Feudal Age
15:25 Castle Age
INK | Papa pitufo
10:24 Feudal Age
14:24 Castle Age
12:36 Double-Bit Axe
12:59 Horse Collar
19:10 Loom
INK | LaPulga
11:08 Feudal Age
15:08 Castle Age
13:06 Gold Mining
13:24 Double-Bit Axe
14:33 Bloodlines
Connection lost

Rejoining the realm…

Still unreachable

The connection could not be restored.

Session expired

The server has moved on; the page needs a fresh start.